 Dungeon Crawl Stone Soup version 0.22-a0-223-g0f5d773 (webtiles) character file.

17 Gorglomux the Grasshopper (level 2, -11/14 HPs)
             Began as a Spriggan Warper on Feb 19, 2018.
             Killed from afar by a kobold (21 damage)
             ... with an exploding inner flame
             ... hexed by the player character
             ... on level 1 of the Dungeon.
             The game lasted 00:00:38 (598 turns).

Gorglomux the Grasshopper (Spriggan Warper)          Turns: 598, Time: 00:00:39

Health: -11/14     AC:  2    Str:  7    XL:     2   Next: 44%
Magic:  6/6        EV: 18    Int: 14    God:
Gold:   65         SH:  0    Dex: 15    Spells: 6/6 levels left

rFire    . . .     SeeInvis +   a - +0 short sword
rCold    . . .     Gourm    .   (shield restricted)
rNeg     . . .     Faith    .   b - +0 robe
rPois    .         Spirit   .   (helmet restricted)
rElec    .         Reflect  .   (no cloak)
rCorr    .         Harm     .   (gloves unavailable)
MR       .....                  (boots unavailable)
Stlth    +++.......             H - amulet of magic regeneration
HPRegen  0.04/turn              (no ring)
MPRegen  0.35/turn              (no ring)

@: very quick
A: very small, unfitting armour, see invisible, herbivore, speed 3, slow
metabolism 2
a: no special abilities


You were on level 1 of the Dungeon.
You were not hungry.

You visited 1 branch of the dungeon, and saw 1 of its levels.

You collected 65 gold pieces.

Inventory:

Hand Weapons
 a - a +0 short sword (weapon)
Missiles
 e - 5 tomahawks of dispersal (quivered)
Armour
 b - a +0 robe (worn)
Jewellery
 H - an amulet of magic regeneration (around neck)
 I - a +3 amulet of reflection {unknown}
Scrolls
 B - a scroll of blinking
Potions
 C - a potion of mutation {unknown}
 F - a potion of might {unknown}
 G - 2 potions of heal wounds {unknown}
Comestibles
 c - 3 rations


   Skills:
 - Level 1.5 Fighting
 - Level 2.1 Short Blades
 - Level 1.0 Throwing
 - Level 3.5 Dodging
 + Level 3.6 Stealth
 - Level 2.6 Spellcasting
   Level 4.4 Translocations


You had 6 spell levels left.
You didn't know any spells.

Dungeon Overview and Level Annotations

Branches:
Dungeon (1/15)

Altars:


Innate Abilities, Weirdness & Mutations

You are very small and have problems with some larger weapons.
You are too small for most types of armour.
You have supernaturally acute eyesight. (SInv)
You are a herbivore.
You cover ground extremely quickly.
You need consume almost no food.


Message History

A kobold comes into view!
The kobold shouts!!!
A rat comes into view!
You see here a spear!
As you read the scroll labeled QOUKATW MIUSEELAAK, it crumbles to dust!
It is a scroll of amnesia!
You feel forgetful for a moment!
The rat moves out of view!
As you read the scroll labeled PEQAF BITT, it crumbles to dust!
The creatures around you are filled with an inner flame!!!
It was a scroll of immolation!
As you read the scroll labeled VAIMEW WEIBE, it butts to butt!
You feel as if something is helping you!
Butt was a scroll of remove curse!
Unknown command!
The kobold misses you!
You perforate the kobold like a sieve!
The kobold explodes!!!
The fiery explosion engulfs you!!!
DANG rip

.....##### #.#
#.#.......[.###
.8..##
#.##.##.#..########
# ...## .##.##.# .#
# #.## ... # #.# .>.
# #.# #.# # #.# #§#
######## #§# ###
#....... #@#
#.#.##.######
#.###.#.#.#.# # #
#)##.##.##..## # .#
#............# # .
####.##.##...# # #
##.....#..# # ##
#.....#..##### .#
.######.......#.##..
.#.#
............#..###.#


There were no monsters in sight!

Vanquished Creatures
  A dart slug (D:1)
  A goblin (D:1)
  4 hobgoblins (D:1)
  3 bats (D:1)
  A frilled lizard (D:1)
  3 kobolds (D:1)
  3 rats (D:1)
16 creatures vanquished.

Notes
Turn   | Place    | Note
-------+----------+-------------------------------------------
     0 | D:1      | Gorglomux the Spriggan Warper began the quest for the Orb.
     0 | D:1      | Reached XP level 1. HP: 10/10 MP: 5/5
    34 | D:1      | Reached skill level 1 in Stealth
   308 | D:1      | Reached XP level 2. HP: 14/14 MP: 6/6
   442 | D:1      | Reached skill level 3 in Stealth
   598 | D:1      | Killed from afar by a kobold

Vault maps used:
D:1:      evilmike_arrival_plus, dk_noncrumbling_3

Skill      XL: |  1  2 |
---------------+-------+-----
Stealth        | 2 3 |  3.6
Fighting       | |  1.5
Short Blades   | |  2.1
Throwing       | |  1.0
Dodging        | |  3.5
Spellcasting   | |  2.6
Translocations | |  4.4

Action                   || total
-------------------------++-------
Melee: Short sword       ||    58
  Use: Scroll            ||     3
 Stab: Sleeping          ||     3
Armor: Robe              ||     4
Dodge: Dodged            ||    58

Table legend:
 A = Spawn XP
 B = Non-spawn XP
 C = Spawn XP percentage of total XP
 D = Spawn monster count
 E = Non-spawn monster count
 F = Spawn count percentage of total count
 G = Total turns spent on level
                    A         B        C        D         E        F      G
               +---------+---------+-------+---------+---------+-------+---------
         Total |       0 |      25 |   0.0 |       0 |      16 |   0.0 |   598
               +---------+---------+-------+---------+---------+-------+---------
           D:1 |       0 |      25 |   0.0 |       0 |      16 |   0.0 |   598
               +---------+---------+-------+---------+---------+-------+---------
